 Dungeon Crawl Stone Soup version 0.18-a0-24-g6e14259 (webtiles) character file.

906 esc the Skirmisher (level 8, 0/126 HPs)
             Began as an Ogre Hunter on Nov 3, 2015.
             Was an Initiate of Okawaru.
             Slain by a water moccasin (5 damage)
             ... on level 6 of the Dungeon.
             The game lasted 00:15:57 (5203 turns).

esc the Skirmisher (Ogre Hunter)                    Turns: 5203, Time: 00:15:57

Health: 0/126      AC:  5    Str: 23    XL:     8   Next: 8%
Magic:  17/17      EV: 11    Int: 10    God:    Okawaru [......]
Gold:   116        SH:  0    Dex: 12    Spells: 0 memorised, 7 levels left

rFire  + . .     SeeInvis .     s - +0 dire flail
rCold  + + .     Clarity  .     r - +2 robe {rC+ rF+}
rNeg   . . .     SustAt   .     (shield currently unavailable)
rPois  .         Gourm    .     (helmet restricted)
rElec  .         Spirit   .     (no cloak)
rCorr  .         Warding  .     (gloves unavailable)
rMut   .         Stasis   .     (boots unavailable)
MR     .....                    (no amulet)
Stlth  ..........               k - ring of protection from cold {rC+, !d}
                                j - ring of magical power {MP+9}

@: berserking, lethally poisoned (0 -> -17), very quick, not resistant to
hostile enchantments, extremely unstealthy
A: unfitting armour, tough skin 1
a: Renounce Religion


You were on level 6 of the Dungeon.
You worshipped Okawaru.
Okawaru was noncommittal.
You were not hungry.

You visited 2 branches of the dungeon, and saw 7 of its levels.

You collected 206 gold pieces.
You spent 90 gold pieces at shops.

Inventory:

Hand Weapons
 c - a +0 short sword
 s - a +0 dire flail (weapon)
   (You took it off an orc warrior on level 6 of the Dungeon)
Missiles
 a - 5 large rocks (quivered) {!d}
 b - 3 throwing nets {=f, !d}
 p - 105 stones
Armour
 d - a +0 robe
 r - a +2 robe of resistance (worn)
   (You took it off Blork the orc on level 4 of the Dungeon)
Jewellery
 j - a ring of magical power (left hand) {MP+9}
   (You found it on level 2 of the Dungeon)
 k - a ring of protection from cold (right hand) {rC+, !d}
   (You found it on level 2 of the Dungeon)
Wands
 u - a wand of slowing (25)
   (You took it off a gnoll on level 3 of the Dungeon)
 v - a wand of magic darts (20)
   (You found it on level 3 of the Dungeon)
 A - a wand of confusion (20)
   (You took it off Natasha on level 4 of the Dungeon)
 C - a wand of flame (18)
   (You took it off a hobgoblin on level 6 of the Dungeon)
Scrolls
 i - 2 scrolls of fear
 w - 4 scrolls of remove curse
 y - 2 scrolls of teleportation
 D - a scroll of amnesia
Potions
 f - 2 potions of mutation {unknown}
 h - a potion of poison {!q}
 l - a potion of flight {unknown}
 m - a potion of agility {unknown}
 n - 3 potions of might {unknown}
 q - 2 potions of degeneration {unknown}
 x - a potion of brilliance
 z - a potion of resistance {unknown}
Comestibles
 e - 4 bread rations {@e1}
 g - a meat ration {@e2}
 o - 3 chunks of flesh {@w0}


   Skills:
 - Level 6.9 Fighting
 + Level 1.5 Maces & Flails
 - Level 6.4 Throwing
 - Level 4.9 Dodging
 - Level 0.7 Stealth
 - Level 1.3 Invocations


You had 7 spell levels left.
You didn't know any spells.

Dungeon Overview and Level Annotations

Branches:
Dungeon (6/15)             Temple (1/1) D:5

Altars:
Ashenzari
Cheibriados
Dithmenos
Elyvilon
Fedhas
Gozag
Makhleb
Nemelex Xobeh
Okawaru
Qazlal
Sif Muna
Trog
Vehumet
Xom
Yredelemnul
Zin
The Shining One

Shops:
D:6 *


Innate Abilities, Weirdness & Mutations

You are too large for most types of armour.
You have tough skin (AC +1).


Message History

You thump the centaur zombie! The centaur zombie barely misses you.
The centaur zombie misses you.
You sock the centaur zombie! The centaur zombie closely misses you.
You hit the centaur zombie but do no damage.
The centaur zombie hits you but does no damage.
The centaur zombie hits you.
You take 2 damage, and have 80/84 hp.
You hit the centaur zombie. The centaur zombie hits you.
The centaur zombie hits you.
You take 7 damage, and have 73/84 hp.
You sock the centaur zombie!
You destroy the centaur zombie!
Okawaru accepts your kill.
Your Maces & Flails skill increases to level 1!
C - a wand of flame {zapped: 2} You see here a hobgoblin corpse.
You butcher the hobgoblin corpse.
o - 6 chunks of flesh {@w0} (gained 2)
D - a scroll of amnesia Eating one of 6 chunks of flesh {@w0}.
You continue eating. x2
Health restored: 84 The water moccasin hisses angrily.
The water moccasin bites you.
You take 5 damage, and have 79/84 hp.
You puncture the water moccasin! The water moccasin bites you.
The water moccasin bites you.
You are poisoned.
The water moccasin poisons you!
Some of the chunks of flesh in your inventory have rotted away.
You take 8 damage, and have 71/84 hp.
You hit the water moccasin.
You feel sick. The water moccasin bites you.
You are more poisoned.
The water moccasin poisons you!
You take 8 damage, and have 63/84 hp.
You miss the water moccasin.
You feel very sick. The water moccasin bites you.
You are more poisoned.
The water moccasin poisons you!
The water moccasin bites you but does no damage.
You take 5 damage, and have 58/84 hp.
You closely miss the water moccasin.
You feel very sick. The water moccasin barely misses you.
The water moccasin bites you!
You take 12 damage, and have 46/84 hp.
You hit the water moccasin.
You feel very sick.
The water moccasin bites you but does no damage.
The water moccasin bites you.
You are lethally poisoned!
The water moccasin poisons you!
You take 9 damage, and have 37/84 hp.
You miss the water moccasin.
You feel very sick. The water moccasin barely misses you.
You take 3 damage, and have 34/84 hp.
You closely miss the water moccasin.
You feel very sick.
The water moccasin barely misses you. x2
You take 5 damage, and have 29/84 hp.
Drink which item? (? for menu, Esc to quit)
Okay, then.
You miss the water moccasin.
You feel very sick. The water moccasin barely misses you.
The water moccasin bites you!
* * * LOW HITPOINT WARNING * * *
You take 13 damage, and have 16/84 hp.
Drink which item? (? for menu, Esc to quit)
You feel better. The water moccasin bites you!
* * * LOW HITPOINT WARNING * * *
You barely miss the water moccasin. The water moccasin barely misses you.
The water moccasin bites you.
* * * LOW HITPOINT WARNING * * *
You are poisoned.
The water moccasin poisons you!
You take 4 damage, and have 13/84 hp.
Drink which item? (? for menu, Esc to quit)
Okay, then.
Unknown command.
Drink which item? (? for menu, Esc to quit)
Okay, then.
Read which item? (? for menu, Esc to quit)
Okay, then.
Drink which item? (? for menu, Esc to quit)
It was a potion of poison.
That liquid tasted very nasty...
You are lethally poisoned!
* * * LOW HITPOINT WARNING * * *
You feel very sick. The water moccasin bites you.
* * * LOW HITPOINT WARNING * * *
You take 8 damage, and have 5/84 hp.
Drink which item? (? for menu, Esc to quit)
It was a potion of berserk rage.
A red film seems to cover your vision as you go berserk!
You feel yourself moving faster!
You feel mighty!
* * * LOW HITPOINT WARNING * * *
You feel sick. The water moccasin bites you.
You die...

#.#######..........
#.# #....###.###
#.# #.....##....
#.## #...........
#..# ###..###.###
##.# #..###.... #.#
##)).[....# #.#
#.....##..# #@#
#.....#.... #..S..#
#.........# #.#.#.#
#.....##... #.#...#
#.....###.. # #.#.#
###.### ###
##..######.# ####
........##.. ..##
#.......##.####.##
#.......##.#....o.


You could see a water moccasin.

Vanquished Creatures
  An orc warrior (D:6)
  A phantom (D:4)
  An ice beast (D:5)
  Blork the orc (D:4)
  3 scorpions
  A centaur zombie (D:6)
  A jelly (D:5)
  A hound (D:6)
  A giant frog skeleton (D:4)
  2 iguanas (D:4)
  Natasha (thrice) (D:4)
  2 worker ants
  A hound skeleton (D:4)
  A worker ant zombie (D:5)
  2 gnolls (D:3)
  6 adders
  3 worms
  2 giant geckos (D:1)
  4 orcs
  5 giant cockroaches
  6 goblins
  13 hobgoblins
  10 kobolds
  4 quokkas (D:3)
  2 bats
  3 giant newts
  3 rats
83 creatures vanquished.

Notes
Turn   | Place    | Note
--------------------------------------------------------------
     0 | D:1      | esc the Ogre Hunter began the quest for the Orb.
     0 | D:1      | Reached XP level 1. HP: 22/22 MP: 1/1
   226 | D:1      | Reached skill level 2 in Dodging
   288 | D:1      | Reached skill level 3 in Fighting
   288 | D:1      | Reached XP level 2. HP: 28/31 MP: 2/2
  1141 | D:2      | Reached XP level 3. HP: 28/37 MP: 3/3
  2130 | D:3      | Found a snail-covered altar of Cheibriados.
  2142 | D:3      | Reached XP level 4. HP: 33/48 MP: 4/4
  2397 | D:3      | Reached skill level 4 in Fighting
  2767 | D:3      | HP: 8/48 [adder (5)]
  2773 | D:3      | HP: 5/48 [poisoned by an adder]
  2777 | D:3      | Reached skill level 3 in Dodging
  2951 | D:4      | Noticed Natasha
  2951 | D:4      | Noticed Blork the orc
  3036 | D:4      | Killed Blork the orc
  3036 | D:4      | Reached XP level 5. HP: 49/55 MP: 5/5
  3073 | D:4      | Killed Natasha
  3073 | D:4      | Reached skill level 5 in Throwing
  3106 | D:4      | Reached skill level 5 in Fighting
  3106 | D:4      | Reached XP level 6. HP: 63/66 MP: 6/6
  3161 | D:4      | Noticed Natasha
  3163 | D:4      | Killed Natasha
  3183 | D:4      | Reached skill level 4 in Dodging
  3325 | D:4      | Reached XP level 7. HP: 53/74 MP: 7/7
  3538 | D:4      | Noticed Natasha
  3546 | D:4      | Killed Natasha
  3615 | D:4      | Found a blossoming altar of Fedhas.
  3656 | D:5      | Entered Level 5 of the Dungeon
  3709 | D:5      | Reached skill level 6 in Fighting
  3817 | D:5      | Reached skill level 6 in Throwing
  4283 | D:5      | Found a staircase to the Ecumenical Temple.
  4296 | Temple   | Entered the Ecumenical Temple
  4326 | Temple   | Became a worshipper of Warmaster Okawaru
  4559 | D:6      | HP: 7/76 [orc warrior/dire flail (22)]
  4939 | D:6      | Found a glowing golden altar of the Shining One.
  4939 | D:6      | Found a basalt altar of Yredelemnul.
  4940 | D:6      | Found a radiant altar of Vehumet.
  4965 | D:6      | Reached skill level 1 in Invocations
  4977 | D:6      | Reached XP level 8. HP: 82/84 MP: 8/8
  5036 | D:6      | Found Eciplieh's General Store.
  5039 | D:6      | Bought a potion of curing for 45 gold pieces
  5039 | D:6      | Bought a scroll of teleportation for 45 gold pieces
  5064 | D:6      | Found a radiant altar of Vehumet.
  5074 | D:6      | Reached skill level 1 in Maces & Flails
  5199 | D:6      | HP: 16/84 [water moccasin (10)]
  5202 | D:6      | HP: 5/84 [water moccasin (5)]
  5203 | D:6      | Slain by a water moccasin

Vault maps used:
D:1:      minmay_arrival_nine_rooms
D:3:      cheibriados_altar_wand_db
D:4:      kennysheep_little_box, first_bread, uniq_natasha, uniq_blork_the_orc,
          uniq_pikel
D:5:      temple_green
D:6:      nicolae_ru_awakened_eye, gammafunk_temple_overflow_claw, serial_shops,
          kennysheep_mini_moat, vehumet_altar_wand_db
Temple:   circular_temple_12

Action                   |  1- 3 |  4- 6 |  7- 9 || total
-------------------------+-------+-------+-------++-------
Melee: Short sword       |   147 |    74 |   141 ||   362
       Dire flail        |       |       |    21 ||    21
Throw: Large rock        |     5 |    30 |    30 ||    65
       Stone             |       |    18 |    48 ||    66
  Use: Scroll            |     4 |     3 |     3 ||    10
       Potion            |       |     1 |     5 ||     6
 Stab: Sleeping          |     1 |     1 |     1 ||     3
  Eat: Chunk             |     4 |     2 |     5 ||    11
       Beef jerky        |       |     1 |       ||     1
       Fruit             |       |       |     2 ||     2

Vault maps used:
D:1:      minmay_arrival_nine_rooms
D:3:      cheibriados_altar_wand_db
D:4:      kennysheep_little_box, first_bread, uniq_natasha, uniq_blork_the_orc,
          uniq_pikel
D:5:      temple_green
D:6:      nicolae_ru_awakened_eye, gammafunk_temple_overflow_claw, serial_shops,
          kennysheep_mini_moat, vehumet_altar_wand_db
Temple:   circular_temple_12

Table legend:
 A = Turns spent in this place as a percentage of turns spent in the entire game.
 B = Non-inter-level travel turns spent in this place as a percentage of non-inter-level travel turns spent in the entire game.
 C = Inter-level travel turns spent in this place as a percentage of turns spent in this place.
 D = Turns resting spent in this place as a percentage of non-inter-level travel turns spent in this place.
 E = Turns spent auto-exploring this place as a percentage of non-inter-level travel turns spent in this place.
 F = Non-inter-level travel turns spent in this place divided by the number of levels of this place that you've seen.
                   A       B       C       D       E      F
               +-------+-------+-------+-------+-------+----------------------
         Total | 100.0 | 100.0 |   0.6 |   0.6 |   7.6 | 224.7
       Dungeon |  97.9 |  97.9 |   0.6 |   0.6 |   7.8 | 256.7
        Temple |   2.1 |   2.1 |   2.9 |   0.0 |   0.0 |  33.0
               +-------+-------+-------+-------+-------+----------------------

Table legend:
 A = Kills in this place as a percentage of kills in entire the game.
 B = Kills by you in this place as a percentage of kills by you in the entire game.
 C = Kills by friends in this place as a percentage of kills by friends in the entire game.
 D = Other kills in this place as a percentage of other kills in the entire game.
 E = Experience gained in this place as a percentage of experience gained in the entire game.
 F = Experience gained in this place divided by the number of levels of this place that you have seen.
                   A       B       C       D       E      F
               +-------+-------+-------+-------+-------+----------------------
         Total | 100.0 | 100.0 |  -nan |  -nan | 100.0 | 185.0
       Dungeon | 100.0 | 100.0 |  -nan |  -nan | 100.0 | 215.8
               +-------+-------+-------+-------+-------+----------------------
